AoeStats
← Marstindil

Arabia

507984591Analyzed
1v1 RM · 10d ago on Sep 20, 2026· 25m 50s· 2 players
Game mode
Random Map
Map size
Tiny (2 player)
Population
200
Speed
Normal
Resources
Standard
Victory
Conquest
Starting age
Dark Age
Ending age
Imperial Age
RankedLock teamsTeams togetherTeam positionsShared explorationLock speedFull tech treeHidden civsTurbo modeCheats
Victory
Defeat
🇦🇷 Bohemians · Argentina
970
+17
🇨🇦 Khmer · Canada
993
-17
Marstindil
7:49 Loom
10:57 Feudal Age
11:37 Double-Bit Axe
12:05 Horse Collar
13:43 Town Watch
16:38 Fletching
23:03 Castle Age
23:40 Forging
24:59 Pikeman
25:18 Crossbowman
SizzlingReefer
12:22 Feudal Age
10:51 Loom
13:01 Double-Bit Axe
13:12 Horse Collar
15:53 Wheelbarrow
16:24 Wheelbarrow
20:11 Castle Age
19:44 Bloodlines
19:42 Stone Mining
21:19 Scale Barding Armor
22:08 Forging
24:26 Hand Cart
24:17 Fletching
Connection lost

Rejoining the realm…

Still unreachable

The connection could not be restored.

Session expired

The server has moved on; the page needs a fresh start.